 Dungeon Crawl Stone Soup version 0.31-a0-237-g2d982f9f85 (webtiles) character file.

Game seed: 505377714049902319

17 qw the Shooter (level 2, -1/24 HPs)
             Began as a Minotaur Hexslinger on July 11, 2023.
             Slain by Robin
             ... wielding a +0 mace
              (3 damage)
             ... on level 2 of the Dungeon.
             The game lasted 00:00:15 (678 turns).

qw the Shooter (Minotaur Hexslinger)                 Turns: 678, Time: 00:00:16

Health: -1/24      AC:  9    Str: 12    XL:     2   Next: 44%
Magic:  2/2        EV: 10    Int: 10    God:
Gold:   73         SH:  0    Dex: 12    Spells: 2/3 levels left

rFire   + + .        a - +1 sling
rCold   + . .        (no shield)
rNeg    . . .        f - +0 ring mail
rPois   .            (helmet restricted)
rElec   .            i - scarf {rC+ rF+}
rCorr   .            (no gloves)
SInv    .            (no boots)
Will    .....        (no amulet)
Stlth   +            g - +4 ring of protection
HPRegen 0.24/turn    h - ring of protection from fire
MPRegen 0.08/turn

%: no passive effects
@: lethally poisoned (-1 -> -13)
A: horns 2, retaliatory headbutt
a: no special abilities


You were on level 2 of the Dungeon.
You visited 1 branch of the dungeon, and saw 2 of its levels.

You collected 73 gold pieces.


Innate Abilities, Weirdness & Mutations

You have a pair of horns on your head.
You reflexively headbutt those who attack you in melee.


   Skills:
 - Level 2.0 Fighting
 + Level 3.1 Ranged Weapons
 - Level 2.1 Dodging
 - Level 1.0 Spellcasting
 - Level 2.0 Hexes


You had 2 spell levels left.
You knew the following spells:

 Your Spells              Type           Power      Damage    Failure   Level
a - Slow                  Hex            16%        N/A       34%         1

Your spell library contained the following spells:

 Spells                   Type           Power      Damage    Failure   Level
 Inner Flame              Hex/Fire       2%         N/A       83%         3
 Portal Projectile        Hex/Tloc       4%         N/A       83%         3
 Cause Fear               Hex            2%         N/A       98%         4

Inventory:

Hand Weapons
 a - a +1 sling (weapon)
Armour
 f - a +0 ring mail (worn)
 i - a scarf of resistance (worn)
Jewellery
 g - a +4 ring of protection (left hand)
 h - a ring of protection from fire (right hand)
Scrolls
 b - 3 scrolls of immolation {unknown}
Potions
 d - a potion of curing {unknown}
 e - a potion of invisibility {unknown}

Dungeon Overview and Level Annotations

Branches:
Dungeon (2/15)

Altars:
Ashenzari

Annotations:
D:2 Robin


Message History

A goblin comes into view. It is wielding a +0 dagger.
You shoot a sling bullet.
The sling bullet closely misses the goblin.
The goblin shouts!
The goblin hits you but does no damage. Robin hits you with a +0 mace.
You shoot a sling bullet. The sling bullet misses the goblin.
The goblin hits you but does no damage. Robin throws the goblin at you!
The goblin hits you but does no damage.
You shoot a sling bullet. The sling bullet hits the goblin.
You kill the goblin!
Robin hits you but does no damage.
Your Fighting skill increases to level 2!
You shoot a sling bullet. The sling bullet barely misses Robin.
The hobgoblin hits you but does no damage.
Robin says, "My army is invincible!"
Robin closely misses you.
You shoot a sling bullet. The sling bullet hits Robin.
Robin is moderately wounded.
The hobgoblin barely misses you. You furiously retaliate!
You headbutt the hobgoblin!
You kill the hobgoblin!
Robin hits you but does no damage. Robin hits you with a +0 mace.
You shoot a sling bullet.
The sling bullet hits Robin but does no damage.
Robin is moderately wounded.
Robin throws the goblin at you!
The goblin hits you with a +2 dagger of venom.
You are poisoned.
You shoot a sling bullet. The sling bullet hits Robin.
Robin is moderately wounded.
You feel very sick.
The goblin no longer looks unusually strong.
The goblin hits you with a +2 dagger of venom.
You are lethally poisoned!
The goblin closely misses you. The goblin hits you but does no damage.
You shoot a sling bullet. The sling bullet hits Robin.
Robin is heavily wounded.
You feel very sick. The goblin hits you but does no damage.
Robin hits you with a +0 mace.
You die...

g# g# g# .# .#
.###.#.
#######.).....
#gg)..)..#
#@#####.## #g#
...
#.#########
#.........#
#########.#
#.#
########.#####
#............#
#.#####......#


You could see Robin and 2 goblins.

Vanquished Creatures
  2 bats (D:2)
  5 goblins (D:2)
  3 hobgoblins
  A quokka (D:1)
  3 ball pythons (D:1)
  2 frilled lizards (D:1)
  A kobold (D:1)
17 creatures vanquished.

Notes
Turn   | Place    | Note
-------+----------+-------------------------------------------
     0 | D:1      | qw the Minotaur Hexslinger began the quest for the Orb.
     0 | D:1      | Reached XP level 1. HP: 16/16 MP: 1/1
     0 | D:1      | 0 ||| qw: Version: 0.3-a-52-g30416fa
     0 | D:1      | 0 ||| qw: Game counter: 5511
     0 | D:1      | 0 ||| qw: Melee chars always use a shield: true
     0 | D:1      | 0 ||| qw: God list: Okawaru
     0 | D:1      | 0 ||| qw: Allow faded altars: false
     0 | D:1      | 0 ||| qw: Do Orc after clearing Dungeon:15 true
     0 | D:1      | 0 ||| qw: Do second Lair branch before Depths: true
     0 | D:1      | 0 ||| qw: Lair rune preference: random
     0 | D:1      | 0 ||| qw: Goals: Normal
     0 | D:1      | 0 ||| PLANNING D:1-11
   245 | D:1      | Found a faded altar of an unknown god.
   254 | D:1      | Reached skill level 3 in Ranged Weapons
   395 | D:1      | Reached XP level 2. HP: 23/23 MP: 2/2
   541 | D:1      | 541 ||| UPGRADING to +0 ring mail.
   551 | D:1      | 551 ||| DROPPING +0 robe.
   552 | D:1      | 552 ||| UPGRADING to scarf of resistance.
   557 | D:1      | 557 ||| UPGRADING to +4 ring of protection.
   558 | D:1      | 558 ||| UPGRADING to ring of protection from fire.
   559 | D:1      | 559 ||| DROPPING scroll of poison.
   623 | D:2      | Found a broken altar of Ashenzari.
   657 | D:2      | 657 ||| FLEEEEING.
   661 | D:2      | 661 ||| FLEEEEING.
   664 | D:2      | Noticed Robin
   677 | D:2      | HP: 6/24 [goblin/+2 dagger of venom[Robin] (5)]
   678 | D:2      | HP: 2/24 [poisoned by a goblin]
   678 | D:2      | Slain by Robin

Levels and vault maps discovered:
D:1:      psy_arrival_fountain, layout_basic, hellmonk_ecumenical_altar_lost_god
D:2:      layout_loops_ring, basic_altar, wad_floor_pattern_1, kennysheep_donut,
          guppyfry_early_orc_mine, uniq_robin, uniq_terence

Skill      XL: |  1  2 |
---------------+-------+-----
Ranged Weapons | 3 |  3.1
Fighting       | 2 |  2.0
Dodging        | |  2.1
Spellcasting   | |  1.0
Hexes          | |  2.0

Action                     || total
---------------------------++-------
   Fire: Sling             ||    51
 Armour: Robe              ||     3
         Ring mail         ||    16
  Dodge: Dodged            ||    14

Table legend:
 A = Non-vault XP
 B = Vault XP
 C = Vault XP percentage of total XP
 D = Non-vault monster count
 E = Vault monster count
 F = Vault count percentage of total count
                 A         B        C        D         E       F
            +---------+---------+-------+---------+---------+-------
      Total |      17 |       8 |  32.0 |      12 |       5 |  29.4
            +---------+---------+-------+---------+---------+-------
        D:1 |      12 |       0 |   0.0 |       9 |       0 |   0.0
        D:2 |       5 |       8 |  61.5 |       3 |       5 |  62.5
            +---------+---------+-------+---------+---------+-------
